 Dungeon Crawl Stone Soup version 0.27.0-1-g7a089689b8 (webtiles) character file.

Game seed: 16849282427620650967

19 Gunterle the Sneak (level 2, -2/25 HPs)
             Began as a Djinni Delver on Aug 5, 2021.
             Slain by an adder (3 damage)
             ... on level 2 of the Dungeon.
             The game lasted 00:17:37 (1409 turns).

Gunterle the Sneak (Djinni Delver)                  Turns: 1409, Time: 00:17:38

Health: -2/25      AC:  0    Str: 11    XL:     2   Next: 95%
Gold:   36         EV: 12    Int: 11    God:
                   SH:  0    Dex: 14

rFire    + + .     SeeInvis .   j - +0 long sword
rCold    x . .     Faith    .   (no shield)
rNeg     . . .     Spirit   .   (no armour)
rPois    ∞         Reflect  .   (no helmet)
rElec    .         Harm     .   (no cloak)
rCorr    .         Rampage  .   (no gloves)
Will     .....                  (boots unavailable)
Stlth    +++.......             (no amulet)
HPRegen  0.08/turn              (no ring)
MPRegen  0.00/turn              (no ring)

@: attractive, flying
A: sickness immunity, fire resistance 2, cold vulnerability 1, float, innate
caster, hp casting, extra vitality 1
a: no special abilities


You were on level 2 of the Dungeon.
You visited 1 branch of the dungeon, and saw 6 of its levels.

You collected 36 gold pieces.

Inventory:

Hand Weapons
 a - a +0 falchion
 j - a +0 long sword (weapon)
 l - a +0 dagger
Missiles
 c - 6 boomerangs
 i - 26 stones
 k - 7 poisoned darts (quivered)
Armour
 b - a +0 leather armour
 m - a +0 kite shield
Wands
 g - a wand of digging (3)
Scrolls
 e - a scroll of fear
Potions
 h - a potion of cancellation {unknown}


   Skills:
 * Level 3.3 Fighting
 * Level 2.2 Long Blades
 + Level 2.4 Dodging
 - Level 4.2 Stealth


You had one spell level left.
You didn't know any spells.
Your spell library was empty.

Dungeon Overview and Level Annotations

Branches:
Dungeon (7/15)             Temple (0/1) D:5

Altars:

Shops:
D:3 [

Annotations:
D:5 exclusion: ufetubus
D:6 exclusion: ice beast


Innate Abilities, Weirdness & Mutations

You are immune to sickness and miasma.
You are immune to poison.
Your flesh is very heat resistant. (rF++)
You are vulnerable to cold. (rC-)
You float through the air rather than walking.
You learn spells naturally, not from books.
Your magical power is your life essence.
You have superior vitality. (+4 HP)


Message History

The adder is poisoned.
You barely miss the adder. The adder closely misses you. The adder bites you.
You barely miss the adder.
The adder is lightly wounded.
The adder bites you. x2
You miss the adder.
The adder is lightly wounded.
The adder bites you. x2
You are too injured to fight recklessly!
You are too injured to fight recklessly!
The adder looks more healthy.
The adder bites you.
You are too injured to fight recklessly!
You are too injured to fight recklessly!
You closely miss the adder.
The adder is moderately wounded.
The adder barely misses you.
You riposte.
You hit the adder but do no damage.
The adder is moderately wounded.
You barely miss the adder.
The adder is moderately wounded.
The adder bites you.
* * * LOW HITPOINT WARNING * * *
The adder bites you.
* * * LOW HITPOINT WARNING * * *
You barely miss the adder.
The adder is moderately wounded.
The adder bites you.
* * * LOW HITPOINT WARNING * * *
You barely miss the adder.
The adder is moderately wounded.
The adder closely misses you. The adder bites you.
* * * LOW HITPOINT WARNING * * *
Unknown command.
It was a potion of flight.
You feel more buoyant. The adder closely misses you.
You riposte.
You miss the adder.
The adder is lightly wounded.
It was a potion of attraction.
You feel attractive to monsters. The adder bites you.
You die...

#......#.###
#....#.....#
####.......# #
. #.....###.#
.$ #.........#
.#
#....#.####.##
#............#
#.#....#.#.#.
#.....@..#
###...S#.....#
#..#.#.###.#
#..#[#..
#........#
#.>.(..#.#
#.......<.
#.##.#.#.## #.
......#


You could see an adder.

Vanquished Creatures
  An adder (D:2)
  An adder skeleton (D:3)
  2 hobgoblins (D:3)
  A kobold (D:3)
  2 ball pythons (D:3)
  A goblin (D:2)
  A rat (D:3)
9 creatures vanquished.

Notes
Turn   | Place    | Note
-------+----------+-------------------------------------------
     0 | D:5      | Gunterle the Djinni Delver began the quest for the Orb.
     0 | D:5      | Reached XP level 1. HP: 20/20 MP: 0/0
    24 | D:5      | Noticed a water moccasin zombie
    87 | D:6      | Noticed an ice beast
   118 | D:6      | Noticed a jelly
   228 | D:6      | Noticed a water moccasin
   341 | D:6      | Noticed a howler monkey
   353 | D:6      | Noticed a hound
   355 | D:6      | Noticed an iguana
   367 | D:5      | Noticed a jelly
   426 | D:5      | Noticed an iguana
   427 | D:4      | Noticed a jelly
   627 | D:3      | Reached XP level 2. HP: 17/25 MP: 0/0
  1105 | D:3      | Found Jacled's Armour Shop.
  1407 | D:2      | HP: 1/25 [adder (1)]
  1409 | D:2      | Slain by an adder

Illustrated notes

Levels and vault maps discovered:
D:2:      layout_basic, basic_ecumenical_altar, hex_intersection, uniq_natasha
D:3:      layout_basic, serial_shops, nicolae_shop_crystal, st_stairs_14,
          solitary_fountain
D:4:      layout_basic, kennysheep_diamond, uniq_ijyb
D:5:      layout_loops_ring, minmay_temple_entry_large_hall,
          nicolae_elemental_shop, uniq_prince_ribbit1, uniq_grinder
D:6:      layout_basic
D:7:      nzn_winding_woodlands_stair_cross
          [nzn_winding_woodlands_5x15_longhouse,
          nzn_winding_woodlands_center_lodge,
          nzn_winding_woodlands_5x15_lazy_stream,
          nzn_winding_woodlands_5x5_checkerboard,
          nzn_winding_woodlands_5x5_cross, nzn_winding_woodlands_5x15_cabin,
          nzn_winding_woodlands_center_garden,
          nzn_winding_woodlands_5x15_river_crossing], layout_cave_pools,
          mainiacjoe_overflow_24_doors, gammafunk_ghost_abyssal_escape

Skill      XL: |  1 |
---------------+----+-----
Long Blades    | 2 |  2.2
Fighting       | |  3.3
Dodging        | |  2.4
Stealth        | |  4.2

Action                   || total
-------------------------++-------
Melee: Long sword        ||    26
       Falchion          ||     4
Throw: Dart              ||    14
       Boomerang         ||     5
  Use: Scroll            ||     2
       Potion            ||     3
 Stab: Sleeping          ||     1
Dodge: Dodged            ||    21
       Rpst.: Long sword ||     6
       Falchion          ||     2
